[Event "2023 Perth Open"]
[Site "North Woodvale, Perth WA"]
[Date "2023.02.11"]
[Round "2.11"]
[White "Roebuck, Derek"]
[Black "Wu, Kobe"]
[Result "1-0"]
[WhiteElo "1819"]
[BlackElo "1289"]
[ECO "C55v"]
[EventDate "2023.02.11"]
[EventType "swiss"]
[EventRounds "6"]
[EventCountry "AUS"]
[TimeControl "3600+30"]

1.e4 e5 2.Nf3 Nc6 3.Bc4 Nf6 4.d4 exd4 5.O-O Bc5 6.e5 Ng4 7.Bf4 d6 8.exd6 
Bxd6 9.Re1+ Ne7 10.Bxd6 Qxd6 11.Qxd4 Qxd4 12.Nxd4 Kf8 13.Nc3 Bd7 14.Rad1 
a6 15.h3 Nf6 16.Nf3 b5 17.Bb3 c5 18.Bd5 Nexd5 19.Nxd5 Nxd5 20.Rxd5 Be6 21.
Rxc5 Bxa2 22.b3 Rd8 23.Ra1 Bxb3 24.cxb3 Ra8 25.Rxb5 Ke7 26.Rb7+ Kd6 27.
Rb6+ Kc5 28.Raxa6 Rab8 29.Rxb8 Rxb8 30.Ra7 Rxb3 31.Rxf7 g6 32.Rxh7 Kd5 33.
Rg7 Rb6 34.Nh4 Ke4 35.Rxg6 Rxg6 36.Nxg6 Kf5 37.Ne7+ Kg5 38.Kh2 Kf6 39.Nc6 
Kg5 40.Kg3 Kh5 41.f4 Kg6 42.Kg4 Kh6 43.f5 Kg7 44.Kg5 Kh7 45.Nd4 Kg8 46.Kg6
Kf8 47.f6 Ke8 48.f7+ Kd7 49.f8=Q Kc7 50.Ne6+ Kc6 51.Qc5+ Kb7 52.Nd8+ Ka6 
53.Qb4 Ka7 54.Qb7# 1-0

[Event "2023 Perth Open"]
[Site "North Woodvale, Perth WA"]
[Date "2023.02.11"]
[Round "2.12"]
[White "Pimenov, Alex"]
[Black "Kerr, Carter"]
[Result "1-0"]
[WhiteElo "1719"]
[BlackElo "705"]
[ECO "D85g"]
[EventDate "2023.02.11"]
[EventType "swiss"]
[EventRounds "6"]
[EventCountry "AUS"]
[TimeControl "3600+30"]

1.d4 Nf6 2.c4 g6 3.Nc3 d5 4.cxd5 Nxd5 5.e4 Nxc3 6.bxc3 Bg7 7.Be3 c5 8.Bb5+
Nc6 9.Bxc6+ bxc6 10.Ne2 cxd4 11.cxd4 c5 12.O-O O-O 13.Rc1 cxd4 14.Bxd4 e5 
15.Bc5 Qxd1 16.Rfxd1 Ba6 17.Bxf8 Bxe2 18.Re1 Bxf8 19.Rxe2 Ba3 20.Rc7 Rb8 
21.g3 a5 22.Kg2 Kg7 23.Ra7 Bb4 24.Rb2 Rd8 25.Rc2 Kf6 26.Rc6+ Kg7 27.Rcc7 
Rf8 28.Rd7 Kf6 29.f4 exf4 30.gxf4 Kg7 31.e5 1-0

[Event "2023 Perth Open"]
[Site "North Woodvale, Perth WA"]
[Date "2023.02.11"]
[Round "2.13"]
[White "Gough, Sebastian"]
[Black "Huang, Hui"]
[Result "0-1"]
[WhiteElo "1080"]
[BlackElo "1709"]
[ECO "A17"]
[EventDate "2023.02.11"]
[EventType "swiss"]
[EventRounds "6"]
[EventCountry "AUS"]
[TimeControl "3600+30"]

1.c4 Nf6 2.Nc3 e6 3.a3 d5 4.e3 c5 5.Rb1 Nc6 6.Qa4 Bd7 7.Qc2 Bd6 8.Be2 O-O 
9.Nf3 Rc8 10.O-O a6 11.h3 dxc4 12.Bxc4 b5 13.Bd3 c4 14.Be2 Re8 15.Rd1 b4 
16.Bxc4 bxc3 17.bxc3 Ra8 18.d4 Na5 19.Bd3 Qc7 20.a4 Nc4 21.Bxc4 Qxc4 22.e4
Bxa4 23.Rb4 Bxb4 24.Qxa4 Nxe4 25.Nd2 Nxd2 26.Bxd2 Red8 27.Qxb4 Qxb4 28.
cxb4 Rxd4 29.f3 Rad8 30.b5 axb5 31.Kf2 Rxd2+ 32.Rxd2 Rxd2+ 33.Ke3 Rd5 34.
g4 b4 35.f4 b3 36.f5 b2 37.fxe6 Re5+ 38.Kf4 Rxe6 0-1

[Event "2023 Perth Open"]
[Site "North Woodvale, Perth WA"]
[Date "2023.02.11"]
[Round "2.15"]
[White "Gupta, Anoushka"]
[Black "Ng, Erick"]
[Result "0-1"]
[WhiteElo "999"]
[BlackElo "1642"]
[ECO "C48d"]
[EventDate "2023.02.11"]
[EventType "swiss"]
[EventRounds "6"]
[EventCountry "AUS"]
[TimeControl "3600+30"]

1.e4 e5 2.Nf3 Nc6 3.Nc3 Nf6 4.Bb5 Bc5 5.d3 a6 6.Bxc6 dxc6 7.O-O Bg4 8.Be3 
Bb4 9.Na4 Qe7 10.a3 Bd6 11.b4 Nd7 12.Nb2 c5 13.c3 cxb4 14.axb4 b5 15.Qe2 
O-O 16.d4 exd4 17.Bxd4 f5 18.e5 Bxf3 19.Qxf3 Nxe5 20.Qd5+ Qf7 21.Qxf7+ 
Nxf7 22.Ra2 Rfe8 23.Nd3 Re6 24.Rfa1 Ng5 25.Be3 Ne4 26.Ra3 h6 27.f3 Nf6 28.
Kf2 Bxh2 29.Nc5 Rc6 30.g3 Nh5 31.Rh1 Bxg3+ 32.Kg2 Rg6 33.Rxh5 Re8 34.Bf2 
Re2 35.Nd3 Rd2 36.Rxf5 Bxf2+ 37.Kh3 Rxd3 38.Rf4 Rd1 39.Rg4 Rxg4 40.Kxg4 
Rd6 41.f4 Kf7 42.f5 Kf6 43.Kf4 c5 44.Ra2 Bh4 45.bxc5 Bg5+ 46.Ke4 Rc6 47.
Kd5 Rc7 48.Rxa6+ Kxf5 49.Rc6 Rxc6 50.Kxc6 h5 51.Kxb5 h4 52.c6 Bf4 53.Kb6 
h3 54.c7 Bxc7+ 55.Kxc7 h2 56.c4 h1=Q 57.c5 g5 58.Kd7 Qb7+ 59.Kd6 Qc8 60.c6
g4 61.c7 g3 62.Kc6 g2 63.Kd6 g1=Q 64.Kc6 Qc1+ 65.Kb6 Q8xc7+ 66.Ka6 Q7c6+ 
67.Ka7 Qa1+ 68.Kb8 Qaa8# 0-1

[Event "2023 Perth Open"]
[Site "North Woodvale, Perth WA"]
[Date "2023.02.11"]
[Round "2.18"]
[White "Harirajesh, Barath"]
[Black "Bui, Anthony"]
[Result "1-0"]
[WhiteElo "1394"]
[BlackElo "951"]
[ECO "C42g"]
[EventDate "2023.02.11"]
[EventType "swiss"]
[EventRounds "6"]
[EventCountry "AUS"]
[TimeControl "3600+30"]

1.e4 e5 2.Nf3 Nf6 3.Nxe5 Nc6 4.Nxc6 dxc6 5.f3 Bc5 6.c3 O-O 7.d4 Bb6 8.Bc4 
Nxe4 9.fxe4 Qh4+ 10.g3 Qxe4+ 11.Kf2 c5 12.Be3 Rd8 13.Nd2 Qf5+ 14.Qf3 cxd4 
15.cxd4 Bxd4 16.Bxd4 Rxd4 17.Rad1 Qxf3+ 18.Kxf3 b5 19.Ke3 Rxd2 20.Rxd2 Bb7
21.Bd5 Re8+ 22.Kf4 g5+ 23.Kf5 c6 24.Bxf7+ Kxf7 25.Rd7+ Re7 26.Rxe7+ Kxe7 
27.Re1+ Kf7 28.Kxg5 Bc8 29.Rc1 Bd7 30.a3 a5 31.a4 Kg7 32.axb5 h6+ 33.Kf4 
Kf6 34.b6 Bc8 35.Rxc6+ Ke7 36.Rxc8 1-0

[Event "2023 Perth Open"]
[Site "North Woodvale, Perth WA"]
[Date "2023.02.11"]
[Round "2.19"]
[White "Ley, Nick"]
[Black "Balavignan, Ashvin"]
[Result "0-1"]
[WhiteElo "695"]
[BlackElo "1380"]
[ECO "A45g"]
[EventDate "2023.02.11"]
[EventType "swiss"]
[EventRounds "6"]
[EventCountry "AUS"]
[TimeControl "3600+30"]

1.d4 Nf6 2.Bf4 e6 3.Nc3 d5 4.e3 Be7 5.Bd3 b6 6.Nf3 Bb7 7.Ne5 Nbd7 8.Bb5 a6
9.Bd3 c5 10.Ne2 c4 11.Bxc4 dxc4 12.Nxc4 Nh5 13.Bd6 Rc8 14.Bxe7 Qxe7 15.b3 
O-O 16.Ng3 Nxg3 17.hxg3 e5 18.Qd3 e4 19.Qe2 g6 20.O-O-O b5 21.Nd2 Qa3+ 22.
Kb1 Rc3 23.Qg4 Nf6 24.Qg5 Rc6 25.Rh6 Rfc8 26.c4 bxc4 27.Nxc4 Ba8 28.Rdh1 
Rxc4 29.bxc4 Rb8+ 30.Kc2 Qxa2+ 31.Kd1 Rb1# 0-1

[Event "2023 Perth Open"]
[Site "North Woodvale, Perth WA"]
[Date "2023.02.11"]
[Round "2.20"]
[White "Gupta, Aarnav"]
[Black "Gong, Leo"]
[Result "1-0"]
[WhiteElo "1348"]
[BlackElo "668"]
[ECO "D45e"]
[EventDate "2023.02.11"]
[EventType "swiss"]
[EventRounds "6"]
[EventCountry "AUS"]
[TimeControl "3600+30"]

1.d4 d5 2.c4 c6 3.Nc3 Nf6 4.Nf3 e6 5.e3 a6 6.b3 b5 7.Bd2 Nbd7 8.Bd3 bxc4 
9.bxc4 dxc4 10.Bxc4 Nb6 11.Bd3 Nbd5 12.Nxd5 Nxd5 13.Ne5 Bd7 14.Qf3 Qf6 15.
Qxf6 Nxf6 16.Nxd7 Nxd7 17.O-O Bd6 18.Rfc1 Rc8 19.Bxa6 Rb8 20.Rxc6 Be7 21.
Rac1 O-O 22.Rc8 Rbxc8 23.Rxc8 Rxc8 24.Bxc8 Nb6 25.Bb7 Nc4 26.Bc3 Nd6 27.
Bc6 f6 28.Bb4 Kf7 29.a4 Nc8 30.Bxe7 Nxe7 31.Bb5 Nc8 32.Kf1 Ke7 33.Ke2 Na7 
34.Kd3 Kd6 35.e4 Nxb5 36.axb5 Kc7 37.Kc4 Kb6 38.d5 exd5+ 39.exd5 Kc7 40.
Kc5 Kd7 41.b6 g6 42.d6 Kc8 43.Kc6 f5 44.d7+ Kd8 45.b7 h5 46.b8=Q+ Ke7 47.
d8=Q+ 1-0

[Event "2023 Perth Open"]
[Site "North Woodvale, Perth WA"]
[Date "2023.02.11"]
[Round "3.1"]
[White "Teh, Rui Gen"]
[Black "Kuybokarov, Temur"]
[Result "0-1"]
[WhiteElo "2190"]
[BlackElo "2725"]
[BlackTitle "GM"]
[ECO "C44"]
[EventDate "2023.02.11"]
[EventType "swiss"]
[EventRounds "6"]
[EventCountry "AUS"]
[TimeControl "3600+30"]

1. e4 e5 2. Nf3 Nc6 3. d4 exd4 4. Bc4 Bb4+ 5. c3 dxc3 6. bxc3 Ba5 7. O-O d6 8.
Qb3 Qf6 9. Re1 Nge7 10. Bg5 Qg6 11. e5 d5 12. Bb5 O-O 13. Qa3 Bg4 14. Nbd2 Qe6
15. Nb3 Bxf3 16. gxf3 Bb6 17. Bh4 Ng6 18. Bg3 Ncxe5 19. Kg2 Qf6 20. Be2 Nh4+
21. Bxh4 Qxh4 22. Rf1 Ng6 0-1

[Event "2023 Perth Open"]
[Site "North Woodvale, Perth WA"]
[Date "2023.02.11"]
[Round "3.2"]
[White "Gong, Patrick"]
[Black "Laubbacher, Jamie"]
[Result "1-0"]
[WhiteElo "2528"]
[WhiteTitle "FM"]
[BlackElo "2179"]
[ECO "A02"]
[EventDate "2023.02.11"]
[EventType "swiss"]
[EventRounds "6"]
[EventCountry "AUS"]
[TimeControl "3600+30"]

1. f4 Nh6 2. b3 d5 3. Nf3 c5 4. e3 Nc6 5. Bb5 Bg4 6. h3 Bxf3 7. Bxc6+ bxc6 8.
Qxf3 e6 9. Bb2 Nf5 10. O-O Be7 11. Nc3 Bf6 12. Na4 Bxb2 13. Nxb2 O-O 14. Qf2
Rb8 15. Nd3 c4 16. Ne5 Qc7 17. bxc4 f6 18. Nf3 Rb2 19. Rfc1 Rfb8 20. Qe2 Nd6
21. cxd5 cxd5 22. Nd4 e5 23. fxe5 fxe5 24. Nb3 Rxc2 25. Qd3 Rxc1+ 26. Rxc1 Qf7
27. Rf1 Qb7 28. Qe2 Rf8 29. Rxf8+ Kxf8 30. Qh5 Nf7 31. Qxh7 a5 32. Qc2 Qb6 33.
Qc8+ Ke7 34. Qa8 d4 1-0

[Event "2023 Perth Open"]
[Site "North Woodvale, Perth WA"]
[Date "2023.02.11"]
[Round "3.3"]
[White "King, David"]
[Black "Fu, Yihe (Rebo)"]
[Result "0-1"]
[WhiteElo "2031"]
[BlackElo "2356"]
[ECO "B49"]
[EventDate "2023.02.11"]
[EventType "swiss"]
[EventRounds "6"]
[EventCountry "AUS"]
[TimeControl "3600+30"]

1. e4 c5 2. Nf3 e6 3. d4 cxd4 4. Nxd4 Nc6 5. Nc3 a6 6. Be2 Qc7 7. O-O Nf6 8.
Be3 Bb4 9. Nxc6 bxc6 10. Bf3 d5 11. exd5 cxd5 12. Na4 O-O 13. c4 Bd6 14. h3 Rb8
15. cxd5 exd5 16. Bd4 Ne4 17. Rc1 Qe7 18. Nc3 Bb7 19. Re1 Qh4 20. Bxe4 dxe4 21.
Qg4 Qxg4 22. hxg4 Rfe8 23. Rcd1 Bf8 24. a3 a5 25. Rd2 Bc6 26. Nd1 h6 27. Ne3
Red8 28. Rc1 Ba4 29. Nd1 Be7 30. Ne3 Rd7 31. Bc3 Rxd2 32. Bxd2 Rxb2 33. Bxa5
Rb3 34. Nf5 Bf6 35. Bb4 g6 36. Nd6 e3 37. fxe3 Rxe3 38. Rc8+ Kg7 39. Ra8 Bc6
40. Rc8 Bd4 41. Kf1 Bd7 0-1

[Event "2023 Perth Open"]
[Site "North Woodvale, Perth WA"]
[Date "2023.02.11"]
[Round "3.4"]
[White "Mueller, Jens"]
[Black "Gao, Oscar"]
[Result "0-1"]
[WhiteElo "2309"]
[BlackElo "2006"]
[ECO "A47"]
[EventDate "2023.02.11"]
[EventType "swiss"]
[EventRounds "6"]
[EventCountry "AUS"]
[TimeControl "3600+30"]

1. d4 Nf6 2. Bf4 e6 3. e3 b6 4. Nd2 Bb7 5. Ngf3 c5 6. c3 Nc6 7. Nc4 Ne4 8. Bd3
d5 9. Nce5 f6 10. Nxc6 Bxc6 11. Qc2 g5 12. Bg3 h5 13. h3 Nxg3 14. fxg3 Bd6 15.
O-O-O Bxg3 16. Bg6+ Ke7 17. e4 Qc7 18. Rhf1 dxe4 19. Bxe4 Bxe4 20. Qxe4 Qf4+
21. Qxf4 Bxf4+ 22. Kc2 Rhd8 23. dxc5 bxc5 24. Rd3 Rd5 25. Re1 Rad8 26. Rxd5
Rxd5 27. Re2 g4 28. hxg4 hxg4 29. Ne1 Re5 30. Rxe5 Bxe5 31. Kd3 Bg3 32. Nc2 f5
33. Ne3 Bf4 34. Nc4 e5 35. b4 e4+ 36. Ke2 cxb4 37. cxb4 Bd6 38. Ne3 Ke6 39. b5
Bc5 40. a4 Bxe3 41. Kxe3 Kd5 42. a5 Kc5 43. b6 axb6 44. axb6 Kxb6 0-1

[Event "2023 Perth Open"]
[Site "North Woodvale, Perth WA"]
[Date "2023.02.11"]
[Round "3.5"]
[White "Andador, Dominador"]
[Black "Hare, Tim"]
[Result "0-1"]
[WhiteElo "1978"]
[BlackElo "2262"]
[ECO "B07"]
[EventDate "2023.02.11"]
[EventType "swiss"]
[EventRounds "6"]
[EventCountry "AUS"]
[TimeControl "3600+30"]

1. e4 d6 2. d4 Nf6 3. Bd3 Nbd7 4. Bg5 e5 5. c3 Be7 6. Nf3 c6 7. Nbd2 Qc7 8. Qe2
a5 9. O-O h6 10. Bh4 g5 11. Bg3 Nh5 12. dxe5 dxe5 13. Nc4 Nf4 14. Bxf4 gxf4 15.
Rfd1 b5 16. Ncd2 Nc5 17. Bc2 Bg4 18. h3 Be6 19. c4 b4 20. a3 Rb8 21. axb4 Rxb4
22. b3 Rg8 23. Kh2 f6 24. Nh4 Bf7 25. Nf5 Bf8 26. Ra3 Rg5 27. Rda1 Bh5 28. f3
Nb7 29. Nb1 Bg6 30. Nc3 Bc5 31. Nxh6 Bd4 32. Qe1 Qg7 33. Ng4 Bh5 34. Rd1 Bxg4
35. fxg4 Rxg4 36. Qe2 Rg3 37. Na2 Rxc4 38. Bd3 Rxh3+ 39. gxh3 Qg3+ 40. Kh1
Qxh3+ 41. Qh2 Qf3+ 42. Qg2 Qxd1+ 43. Kh2 Qh5+ 44. Qh3 Bg1+ 45. Kg2 Qxh3+ 46.
Kxh3 Rd4 47. Be2 Rd2 48. Bf3 Bc5 49. b4 axb4 50. Ra8+ Kd7 51. Nc1 Kc7 52. Kg4
Rd8 53. Ra4 Nd6 54. Nd3 Rg8+ 55. Kh5 Kb6 56. Nxb4 Kb5 0-1

[Event "2023 Perth Open"]
[Site "North Woodvale, Perth WA"]
[Date "2023.02.11"]
[Round "3.6"]
[White "Barry, David"]
[Black "Pimenov, Alex"]
[Result "1-0"]
[WhiteElo "1895"]
[BlackElo "1719"]
[ECO "B76"]
[EventDate "2023.02.11"]
[EventType "swiss"]
[EventRounds "6"]
[EventCountry "AUS"]
[TimeControl "3600+30"]

1. e4 c5 2. Nf3 d6 3. d4 cxd4 4. Nxd4 Nf6 5. Nc3 g6 6. Be3 Bg7 7. f3 O-O 8. Qd2
Bd7 9. O-O-O Nc6 10. g4 Rc8 11. h4 h5 12. gxh5 Nxh5 13. Rg1 Ne5 14. f4 Nc4 15.
Bxc4 Rxc4 16. f5 Kh7 17. Qg2 gxf5 18. Qg5 1-0

[Event "2023 Perth Open"]
[Site "North Woodvale, Perth WA"]
[Date "2023.02.11"]
[Round "3.8"]
[White "Huang, Hui"]
[Black "Gulley, Trent"]
[Result "0-1"]
[WhiteElo "1709"]
[BlackElo "1870"]
[ECO "D02"]
[EventDate "2023.02.11"]
[EventType "swiss"]
[EventRounds "6"]
[EventCountry "AUS"]
[TimeControl "3600+30"]

1. d4 d5 2. Bf4 c6 3. e3 Nf6 4. c4 Bf5 5. Nc3 e6 6. Nf3 Bb4 7. Qb3 Qa5 8. Nd2
Nbd7 9. Be2 Ne4 10. Ndxe4 Bxe4 11. O-O Bxc3 12. bxc3 b6 13. Bd6 dxc4 14. Bxc4
Qg5 15. g3 Qh5 16. Bxe6 Qf3 17. Bxf7+ Kd8 18. Be7+ Kc8 0-1

[Event "2023 Perth Open"]
[Site "North Woodvale, Perth WA"]
[Date "2023.02.11"]
[Round "3.9"]
[White "Clarke, Daniel"]
[Black "Van Burgel, Bradley"]
[Result "1-0"]
[WhiteElo "1854"]
[BlackElo "1622"]
[ECO "B17"]
[EventDate "2023.02.11"]
[EventType "swiss"]
[EventRounds "6"]
[EventCountry "AUS"]
[TimeControl "3600+30"]

1. e4 c6 2. d4 d5 3. Nc3 dxe4 4. Nxe4 Nd7 5. Bd3 Ngf6 6. Nxf6+ Nxf6 7. Nf3 Bg4
8. c3 e6 9. h3 Bh5 10. g4 Bg6 11. Ne5 Bxd3 12. Qxd3 Bd6 13. Bf4 Qc7 14. O-O-O
O-O-O 15. Kb1 Nd7 16. Qg3 Nxe5 17. Bxe5 Bxe5 18. Qxe5 Qxe5 19. dxe5 Kc7 20. Kc2
{(=)} Rd5 21. Rxd5 cxd5 22. Kd3 Rc8 23. f4 Kd7 24. b3 b5 25. Rc1 Rc6 26. Rc2
Rc7 27. Kd4 Rc6 28. Kd3 Kc7 29. h4 Kd7 30. h5 Rc8 31. Kd4 h6 32. Kd3 a6 33. c4
bxc4+ 34. bxc4 dxc4+ 35. Rxc4 Rb8 36. Rd4+ Ke7 37. Rd6 a5 38. Ra6 Rb5 39. Ra7+
Ke8 40. Kc3 Kf8 {(=)} 41. a3 Rd5 42. Ra6 Ke7 43. Ra7+ Kf8 44. Ra8+ Ke7 45. Rg8
f6 46. Rxg7+ Kf8 47. exf6 Rc5+ 48. Kb3 Rd5 1-0

[Event "2023 Perth Open"]
[Site "North Woodvale, Perth WA"]
[Date "2023.02.11"]
[Round "3.10"]
[White "Ng, Erick"]
[Black "Gunawan, Tjermin"]
[Result "0-1"]
[ECO "B15"]
[WhiteElo "1642"]
[BlackElo "1844"]
[PlyCount "78"]
[EventDate "2023.02.11"]
[EventType "swiss"]
[EventRounds "6"]
[EventCountry "AUS"]
[TimeControl "3600+30"]

1. e4 c6 2. d4 d5 3. Nc3 dxe4 4. Nxe4 Nf6 5. Nxf6+ exf6 6. Nf3 Bd6 7. Be2 O-O
8. O-O Re8 9. Re1 Nd7 10. Be3 Nf8 11. h3 Be6 12. c4 Qd7 13. Nd2 Ng6 14. Ne4 Bb4
15. Nc3 Rad8 16. a3 Ba5 17. b4 Bc7 18. Bf1 Qd6 19. g3 Qd7 20. Kh2 Nh4 21. b5
Nf5 22. Bg2 Bxc4 23. bxc6 bxc6 24. Qa4 Bb5 25. Nxb5 cxb5 26. Qa6 Re6 27. Qb7
Bxg3+ 28. fxg3 Qxb7 29. Bxb7 Rxe3 30. Rxe3 Nxe3 31. d5 Nc4 32. Rb1 Rb8 33. Rxb5
Nd6 34. Ra5 Rxb7 35. Ra6 Rd7 36. Rc6 g6 37. Kg2 Kg7 38. Kf3 Nb5 39. a4 Nd4+ 0-1

[Event "2023 Perth Open"]
[Site "North Woodvale, Perth WA"]
[Date "2023.02.11"]
[Round "3.11"]
[White "McAteer, Ian"]
[Black "Harirajesh, Barath"]
[Result "0-1"]
[WhiteElo "1822"]
[BlackElo "1394"]
[ECO "E21"]
[EventDate "2023.02.11"]
[EventType "swiss"]
[EventRounds "6"]
[EventCountry "AUS"]
[TimeControl "3600+30"]

1. d4 Nf6 2. Bg5 b6 3. c4 e6 4. Nc3 Bb7 5. e4 h6 6. Bxf6 Qxf6 7. Nf3 Bb4 8. Bd3
Nc6 9. a3 Be7 10. e5 Qf4 11. g3 Qg4 12. h3 Nxd4 13. hxg4 Bxf3 14. Be2 Nxe2 15.
Nxe2 Bxh1 16. Nc3 O-O-O 17. f3 h5 18. g5 h4 19. g4 h3 20. Kf2 Bg2 21. Qa4 Kb7
22. b4 Bxg5 23. Ne4 Bf4 24. c5 Bxe5 25. Rb1 f5 26. Ng5 Rdf8 27. b5 fxg4 28.
Qe4+ Kb8 29. Qxe5 Rf5 30. Qxg7 Rh5 31. Qg8+ Kb7 32. c6+ dxc6 33. bxc6+ Ka6 34.
Nxe6 Bxf3 35. Nxc7+ Ka5 36. Ke3 Re5+ 37. Kf2 h2 38. Qc4 Re2+ 39. Kg3 Rh3+ 0-1

[Event "2023 Perth Open"]
[Site "North Woodvale, Perth WA"]
[Date "2023.02.11"]
[Round "3.12"]
[White "Simonds, Marcus"]
[Black "El-Fayoumi, Adam"]
[Result "1-0"]
[WhiteElo "1768"]
[BlackElo "1288"]
[ECO "B50"]
[EventDate "2023.02.11"]
[EventType "swiss"]
[EventRounds "6"]
[EventCountry "AUS"]
[TimeControl "3600+30"]

1. Nf3 c5 2. e4 d6 3. g3 Nf6 4. d3 g6 5. Bg2 Qc7 6. O-O Bg7 7. Nbd2 h5 8. h3
Nc6 9. c3 b5 10. Qc2 Bb7 11. Re1 Nd7 12. Nf1 Nde5 13. Nxe5 Nxe5 14. f4 Nc6 15.
Ne3 b4 16. a3 bxc3 17. bxc3 Na5 18. Nd5 Bxd5 19. exd5 c4 20. d4 Nb3 21. Rb1
Nxc1 22. Qa4+ Kf8 23. Rexc1 Rb8 24. Qc6 Rxb1 25. Rxb1 Qd8 26. Rb7 a5 27. Ra7
1-0

[Event "2023 Perth Open"]
[Site "North Woodvale, Perth WA"]
[Date "2023.02.11"]
[Round "3.13"]
[White "Balavignan, Ashvin"]
[Black "Gough, Dylan"]
[Result "0-1"]
[WhiteElo "1380"]
[BlackElo "1742"]
[ECO "E01"]
[EventDate "2023.02.11"]
[EventType "swiss"]
[EventRounds "6"]
[EventCountry "AUS"]
[TimeControl "3600+30"]

1. d4 Nf6 2. c4 e6 3. Nf3 d5 4. g3 Nc6 5. cxd5 Nxd5 6. e4 Bb4+ 7. Bd2 Bxd2+ 8.
Qxd2 Nde7 9. Nc3 Ng6 10. Bg2 O-O 11. O-O b6 12. Rad1 Bb7 13. Ne1 Ba6 14. Ne2
Bxe2 15. Qxe2 Rb8 16. d5 exd5 17. Rxd5 Qc8 18. f4 Rd8 19. Rxd8+ Qxd8 20. Qd3
Nb4 21. Qb3 c5 22. Nf3 Qd3 23. Qxd3 Nxd3 24. b3 Nb4 25. a3 Nc6 26. Rd1 Rd8 27.
Rxd8+ Nxd8 28. Bf1 Ne7 29. Ne5 Ndc6 30. Nd3 Nd4 31. b4 c4 32. Nc1 b5 33. a4 a6
34. axb5 axb5 35. Ne2 Nec6 36. Nxd4 Nxd4 37. Kf2 Kf8 38. Ke3 Nc2+ 39. Kd2 Nxb4
40. Kc3 Nc6 41. e5 Ke7 42. Bxc4 bxc4 43. Kxc4 Ke6 44. Kd3 Kf5 45. Ke3 g5 46.
fxg5 Nxe5 47. h4 Kg4 48. Kf2 Nc4 49. Ke2 Nd6 50. h5 Kxh5 51. Kf3 Kxg5 52. Kg2
Kg4 53. Kh2 Nf5 54. Kg2 Nxg3 0-1

[Event "2023 Perth Open"]
[Site "North Woodvale, Perth WA"]
[Date "2023.02.11"]
[Round "3.14"]
[White "Deng, Eric"]
[Black "Chong, Seth"]
[Result "1-0"]
[WhiteElo "1730"]
[BlackElo "923"]
[ECO "B92"]
[EventDate "2023.02.11"]
[EventType "swiss"]
[EventRounds "6"]
[EventCountry "AUS"]
[TimeControl "3600+30"]

1. e4 d6 2. d4 Nf6 3. Nc3 c5 4. Nf3 cxd4 5. Nxd4 a6 6. f3 e5 7. Nb3 Be7 8. Be2
O-O 9. O-O Be6 10. Be3 b5 11. Nd5 Nxd5 12. exd5 Bd7 13. f4 f5 14. fxe5 dxe5 15.
d6 Bg5 16. Qd5+ Kh8 17. Bf2 Bc6 18. Qxe5 Re8 19. Qxf5 Rxe2 20. Nd4 Re8 21. Ne6
Qf6 22. Qxf6 Bxf6 23. Nc7 Rd8 24. Nxa8 Bxa8 25. Rad1 Be5 26. Bb6 Rg8 27. d7
Nxd7 28. Rxd7 Bxb2 29. Rd8 Rxd8 30. Bxd8 h6 31. Ba5 Bd5 32. c3 Ba3 33. Bb4 Bxb4
34. cxb4 Bxa2 35. Ra1 Bc4 36. Rxa6 Kg8 37. Kf2 Kh7 38. Ke3 h5 39. Kd4 h4 40.
Rc6 Bf1 41. g3 hxg3 42. hxg3 g6 43. Rb6 Kh6 44. Kc5 Kg5 45. Rxb5 Kg4 46. Rb6 g5
47. Rg6 Kf5 48. Rg8 Be2 49. b5 g4 50. b6 Bf3 51. Rf8+ Ke5 52. Rf7 Ba8 53. b7
Bxb7 54. Rxb7 Ke4 55. Rf7 Ke3 56. Kd5 Ke2 57. Kd4 Ke1 58. Kd3 1-0

[Event "2023 Perth Open"]
[Site "North Woodvale, Perth WA"]
[Date "2023.02.11"]
[Round "3.15"]
[White "Cavosie-Pletsch, Yasmina"]
[Black "Chen, Angus"]
[Result "0-1"]
[WhiteElo "1338"]
[BlackElo "1719"]
[ECO "C52"]
[EventDate "2023.02.11"]
[EventType "swiss"]
[EventRounds "6"]
[EventCountry "AUS"]
[TimeControl "3600+30"]

1. e4 e5 2. Nf3 Nc6 3. Bc4 Bc5 4. b4 Bxb4 5. c3 Ba5 6. d4 exd4 7. Nxd4 Bb6 8.
O-O Nge7 9. f4 O-O 10. f5 d5 11. exd5 Nxd5 12. Kh1 Nxc3 13. Nxc3 Bxd4 14. Qe1
Qf6 15. Nd5 Qe5 16. Qxe5 Nxe5 17. Bb3 Bxa1 18. Nxc7 Rb8 19. Ba3 Bd4 20. Bxf8
Kxf8 21. Rd1 Nc6 22. Ba4 Bf6 23. g4 g6 24. Rb1 Ne5 25. Na6 Bxf5 26. gxf5 Rd8
27. Rxb7 Rd2 28. Bb3 Be7 29. fxg6 Nf3 0-1

[Event "2023 Perth Open"]
[Site "North Woodvale, Perth WA"]
[Date "2023.02.11"]
[Round "3.16"]
[White "Wu, Kobe"]
[Black "Kerr, Carter"]
[Result "1-0"]
[WhiteElo "1289"]
[BlackElo "705"]
[ECO "C54"]
[EventDate "2023.02.11"]
[EventType "swiss"]
[EventRounds "6"]
[EventCountry "AUS"]
[TimeControl "3600+30"]

1. e4 e5 2. Nf3 Nc6 3. Bc4 Nf6 4. d3 Bc5 5. c3 d6 6. Nbd2 Bg4 7. h3 Bh5 8. Nf1
O-O 9. Ng3 Bg6 10. O-O Nd7 11. Bg5 Nf6 12. Nh4 h6 13. Nxg6 d5 14. Bxf6 Qxf6 15.
Nxf8 Rxf8 16. Bxd5 Qg6 17. Qg4 Qd6 18. b4 1-0

[Event "2023 Perth Open"]
[Site "North Woodvale, Perth WA"]
[Date "2023.02.11"]
[Round "3.18"]
[White "Passmore Bowman, Tobias"]
[Black "Ley, Nick"]
[Result "0-1"]
[WhiteElo "1231"]
[BlackElo "695"]
[ECO "E81"]
[EventDate "2023.02.11"]
[EventType "swiss"]
[EventRounds "6"]
[EventCountry "AUS"]
[TimeControl "3600+30"]

1. e4 d6 2. d4 Nf6 3. Bd3 g6 4. c4 Bg7 5. Nc3 Nc6 6. Nge2 O-O 7. f3 e5 8. d5
Nb8 9. Be3 c6 10. Qd2 Qa5 11. O-O Na6 12. a3 Qd8 13. b4 Nc7 14. f4 Ng4 15. h3
Nxe3 16. Qxe3 exf4 17. Rxf4 Bh6 18. Raf1 Bxf4 19. Qxf4 Qe7 20. Nd1 Qe5 21. Qh4
Bd7 22. Nf2 f5 23. exf5 Bxf5 24. Bxf5 Rxf5 0-1

[Event "2023 Perth Open"]
[Site "North Woodvale, Perth WA"]
[Date "2023.02.11"]
[Round "3.19"]
[White "Gong, Leo"]
[Black "Gough, Sebastian"]
[Result "0-1"]
[WhiteElo "668"]
[BlackElo "1080"]
[ECO "B15"]
[EventDate "2023.02.11"]
[EventType "swiss"]
[EventRounds "6"]
[EventCountry "AUS"]
[TimeControl "3600+30"]

1. e4 c6 2. d4 d5 3. Nc3 Nf6 4. Bd3 g6 5. e5 Nfd7 6. Nf3 Bg7 7. O-O e6 8. Bg5
Qc7 9. Re1 O-O 10. Be7 Re8 11. Bd6 Qd8 12. Ne2 b5 13. b3 Bb7 14. c4 a6 15. cxb5
cxb5 16. Rc1 Bc6 17. Bxb8 Nxb8 18. b4 a5 19. a3 Bh6 20. Rc5 axb4 21. axb4 Bf8
22. Rc1 Ra4 23. Nc3 Bxb4 24. Nxa4 Bxe1 25. Qxe1 bxa4 26. Qb4 Qe7 27. Qxe7 Rxe7
28. Rb1 Rb7 29. Rxb7 Bxb7 30. Bb5 Bc6 31. Bxc6 Nxc6 32. Nd2 a3 33. Nb3 Kf8 34.
Kf1 a2 35. Ke2 Ke7 36. Kd3 f5 37. Kc3 g5 38. Kb2 Nb4 39. Ka3 Nd3 40. f3 a1=B
41. Nxa1 Ne1 42. g4 Nxf3 43. gxf5 exf5 44. Nc2 Nxh2 45. Ne3 Ke6 46. Kb3 f4 47.
Nd1 g4 48. Kc2 g3 49. Nc3 g2 50. Ne2 f3 51. Nf4+ Kf5 52. Nh3 f2 53. Nxf2 g1=Q
54. Nd1 Qxd4 55. Nc3 Kxe5 56. Ne2 Qf2 57. Kd3 Qf3+ 58. Kd2 Ke4 59. Nc3+ Kd4 60.
Ne2+ Qxe2+ 61. Kxe2 Kc3 62. Kd1 d4 63. Ke2 Kc2 64. Ke1 d3 65. Kf2 d2 66. Kg2
d1=R 67. Kxh2 Rf1 68. Kg2 Rf6 69. Kg3 Kd3 70. Kg4 Ke4 71. Kg3 h5 72. Kh4 Rf1
73. Kxh5 Kf4 74. Kg6 Ke5 75. Kg5 Rg1+ 76. Kh4 Kf4 77. Kh5 Rg2 78. Kh6 Kf5 79.
Kh7 Kf6 80. Kh8 Kf7 81. Kh7 Rh2# 0-1

[Event "2023 Perth Open"]
[Site "North Woodvale, Perth WA"]
[Date "2023.02.12"]
[Round "4.1"]
[White "Kuybokarov, Temur"]
[Black "Fu, Yihe (Rebo)"]
[Result "1-0"]
[WhiteElo "2725"]
[WhiteTitle "GM"]
[BlackElo "2356"]
[ECO "B46a"]
[EventDate "2023.02.11"]
[EventType "swiss"]
[EventRounds "6"]
[EventCountry "AUS"]
[TimeControl "3600+30"]

1.e4 c5 2.Nf3 e6 3.d4 cxd4 4.Nxd4 Nc6 5.Nc3 a6 6.Bf4 d6 7.Nxc6 bxc6 8.Qd2 
Nf6 9.O-O-O d5 10.g4 Bb4 11.Bg2 Qa5 12.g5 Nd7 13.a3 Be7 14.exd5 cxd5 15.
Bxd5 exd5 16.Rhe1 Nb6 17.Rxe7+ Kxe7 18.Nxd5+ Qxd5 19.Qb4+ Ke8 20.Qxb6 
Qxd1+ 21.Kxd1 Bg4+ 22.Kc1 Rd8 23.b3 Bc8 24.Qc6+ Ke7 25.Be5 Rhg8 26.Bxg7 
1-0